 Dungeon Crawl Stone Soup version 0.30-a0-772-g5528072125 (webtiles) character file.

Game seed: 18262642461869788849

330 cowhearter the Slasher (level 6, -2/70 HPs)
             Began as a Demonspawn Monk on Feb 13, 2023.
             Slain by an orc warrior
             ... wielding a +0 mace
              (5 damage)
             ... on level 4 of the Dungeon.
             The game lasted 00:06:53 (2584 turns).

cowhearter the Slasher (Demonspawn Monk)            Turns: 2584, Time: 00:06:54

Health: -2/70      AC:  6    Str: 13    XL:     6   Next: 26%
Magic:  6/6        EV: 10    Int: 11    God:
Gold:   135        SH:  0    Dex: 16    Spells: 5/5 levels left

rFire   + . .      SeeInvis +    o - +4 short sword
rCold   . . .      Faith    .    m - orb {*Rage}
rNeg    . . .      Spirit   .    f - +0 scale mail
rPois   .          Reflect  .    (no helmet)
rElec   .          Harm     .    (no cloak)
rCorr   .          Rampage  .    (no gloves)
Will    .....      Rage     20%  (no boots) Stlth
                                 (no amulet)
HPRegen 0.31/turn                t - ring of see invisible
MPRegen 0.20/turn                w - ring of protection from fire

@: berserking, very quick
A: spiny 2, magic regeneration
a: no special abilities


You were on level 4 of the Dungeon.
You visited 1 branch of the dungeon, and saw 4 of its levels.

You collected 135 gold pieces.

Inventory:

Hand Weapons
 a - a +0 falchion
 o - a +4 short sword (weapon)
Armour
 b - a +0 robe
 f - a +0 scale mail (worn)
 l - the +1 robe of Complete Protection {+Blink rF- rCorr Int+4}
   (You took it off a hobgoblin on level 2 of the Dungeon)

   Int:       It affects your intelligence (+4).
   rF:        It makes you vulnerable to fire.
   +Blink:    It lets you blink.
   rCorr:     It protects you from acid and corrosion.
 m - an orb of wrath (worn)
Jewellery
 t - a ring of see invisible (left hand)
 w - a ring of protection from fire (right hand)
Scrolls
 e - 2 scrolls of enchant weapon {unknown}
 g - a scroll of identify {unknown}
 i - 2 scrolls of magic mapping {unknown}
 j - 3 scrolls of noise {unknown}
 q - a scroll of fear {unknown}
 r - a scroll of teleportation {unknown}
 s - a scroll of vulnerability {unknown}
Potions
 c - 2 potions of ambrosia
 d - a potion of haste {unknown}
 h - a potion of degeneration {unknown}
 k - a potion of cancellation {unknown}
 n - a potion of attraction {unknown}
 p - 2 potions of mutation {unknown}
 u - a potion of curing
 v - 2 potions of heal wounds {unknown}


   Skills:
 + Level 3.6 Fighting
 * Level 5.1 Long Blades
 * Level 2.5 Armour
 + Level 3.2 Dodging
 + Level 1.9 Stealth


You had 5 spell levels left.
You didn't know any spells.
Your spell library contained the following spells:

 Spells                   Type           Power      Damage    Failure   Level
 Tukima's Dance           Hex            0%         N/A       99%         3
 Vhi's Electric Charge    Tloc/Air       0%         N/A       99%         3
 Passage of Golubria      Tloc           0%         N/A       100%        4
 Summon Ice Beast         Ice/Summ       0%         N/A       100%        4
 Arcjolt                  Conj/Air       0%         1d10      100%        5
 Summon Mana Viper        Hex/Summ       0%         N/A       100%        5
 Yara's Violent Unravell  Hex/Tmut       0%         3d3       100%        5
 Monstrous Menagerie      Summ           0%         N/A       100%        7
 Maxwell's Capacitive Co  Air            0%         ∞         100%        8


Dungeon Overview and Level Annotations

Branches:
Dungeon (4/15)
 Temple: D:4-7

Altars:

Annotations:
D:4 2 runed translucent doors


Innate Abilities, Weirdness & Mutations

You are mostly covered in sharp spines.
You regenerate magic rapidly.


Message History

There is a stone staircase leading up here.
You now have 127 gold pieces (gained 3).
Found 4 poisoned darts.
Found a stone staircase leading down.
Found a glowing falchion.
Sorry, I don't know how to get there.
Found a runed barding.
Found 15 gold pieces.
You now have 135 gold pieces (gained 8).
Found 12 gold pieces.
You open the large door. You hit the orc warrior.
The orc warrior is lightly wounded.
You hit the orc warrior but do no damage.
The orc warrior is lightly wounded.
The orc warrior hits you with a +0 mace!
The orc warrior hits you with a +0 scimitar!
You closely miss the orc warrior.
The orc warrior is lightly wounded.
The orc warrior hits you with a +0 scimitar!
The orc warrior hits you with a +0 mace!
You hit the orc warrior.
The orc warrior is lightly wounded.
The orc warrior hits you with a +0 scimitar.
* * * LOW HITPOINT WARNING * * *
The orc warrior hits you with a +0 mace.
* * * LOW HITPOINT WARNING * * *
You barely miss the orc warrior.
The orc warrior is lightly wounded.
The orc warrior closely misses you.
The orc warrior is struck by your spines.
The orc warrior hits you with a +0 mace!
* * * LOW HITPOINT WARNING * * *
A red film seems to cover your vision as you go berserk!
You feel yourself moving faster!
You feel mighty!
You closely miss the orc warrior.
The orc warrior is lightly wounded.
The orc warrior closely misses you.
The orc warrior hits you with a +0 mace.
You die...

#.###.....##
#<##.......+
#.........##
######....# ###+
#.....#.# ... #####
#.###...# ..##8[$8# #.#
##### #.#8....8 #.#
#.o......+ #.#
#@o......+ #.########
##.#8....8# #........#
##..##8$)8#
########.###>...######.
##...###.....(....
#...............#.
##.^.#####.###....
##.## #.# ##. ### #..


You could see 2 orc warriors.

Vanquished Creatures
  The ghost of kingofthe the Conjurer, an amateur OpCj (D:3)
  A bullfrog (D:3)
  Jessica (D:2)
  Robin (D:2)
  5 adders
  A worm (D:2)
  A dart slug (D:2)
  4 orcs (D:3)
  7 endoplasms
  5 giant cockroaches
  18 goblins
  10 hobgoblins
  9 jackals
  5 ball pythons
  7 bats
  6 frilled lizards
  7 kobolds
  6 rats
95 creatures vanquished.

Notes
Turn   | Place    | Note
-------+----------+-------------------------------------------
     0 | D:1      | cowhearter the Demonspawn Monk began the quest for the Orb.
     0 | D:1      | Reached XP level 1. HP: 18/18 MP: 1/1
   119 | D:1      | Reached skill level 3 in Long Blades
   148 | D:1      | Gained mutation: You are partially covered in sharp spines.
                  | [demonic ancestry]
   148 | D:1      | Reached XP level 2. HP: 20/24 MP: 2/2
   895 | D:2      | Reached XP level 3. HP: 29/29 MP: 3/3
  1068 | D:2      | Noticed Robin
  1077 | D:2      | Gained mutation: You are mostly covered in sharp spines.
                  | [demonic ancestry]
  1077 | D:2      | Reached XP level 4. HP: 35/35 MP: 4/4
  1085 | D:2      | Killed Robin
  1163 | D:2      | Reached skill level 4 in Long Blades
  1351 | D:2      | Reached skill level 1 in Armour
  1355 | D:2      | Identified the +1 robe of Complete Protection {+Blink rF-
                  | rCorr Int+4}
  1741 | D:2      | Noticed Jessica
  1743 | D:2      | Killed Jessica
  1810 | D:2      | Gained mutation: You regenerate magic rapidly. [demonic
                  | ancestry]
  1810 | D:2      | Reached XP level 5. HP: 41/41 MP: 5/5
  2317 | D:3      | Found a runed translucent door.
  2318 | D:3      | Noticed kingofthe's ghost (amateur OpCj)
  2338 | D:3      | Killed kingofthe's ghost
  2339 | D:3      | Reached skill level 5 in Long Blades
  2339 | D:3      | Reached XP level 6. HP: 47/47 MP: 6/6
  2341 | D:3      | Found a runed translucent door.
  2568 | D:4      | Found a large runed translucent door.
  2568 | D:4      | Found a large runed translucent door.
  2571 | D:4      | Found a large runed translucent door.
  2571 | D:4      | Found a large runed translucent door.
  2575 | D:4      | Noticed an orc warrior
  2575 | D:4      | Noticed an orc warrior
  2583 | D:4      | HP: 2/47 [orc warrior/+0 mace (7)]
  2584 | D:4      | Slain by an orc warrior

Illustrated notes

Levels and vault maps discovered:
D:1:      wander_arrival_fairy_ring, layout_basic, kennysheep_minor_cross
D:2:      minmay_skewed_foursquare, layout_basic, minmay_tromino_i2, uniq_robin,
          uniq_jessica
D:3:      layout_rooms, mainiacjoe_overflow_alcove_1, ebering_ghost_sewer_f,
          serial_corexii_hall, chequers_hall_statues_corner_a,
          chequers_hall_statues_corner_a
D:4:      minmay_chambers_of_threes, layout_loops_corners,
          minmay_hollow_rounded_squares

Skill      XL: |  1  2  3  4  5 |
---------------+----------------+-----
Long Blades    | 3 4 5 |  5.1
Dodging        | 3 |  3.2
Armour         | 1 2 |  2.5
Fighting       | |  3.6
Stealth        | |  1.9

Action                     |  1- 3 |  4- 6 || total
---------------------------+-------+-------++-------
  Melee: Falchion          |    62 |    52 ||   114
         Punch             |     1 |     1 ||     2
         Short sword       |       |    43 ||    43
   Stab: Sleeping          |     1 |       ||     1
 Armour: Robe              |     4 |       ||     4
         Scale mail        |    14 |    25 ||    39
  Dodge: Dodged            |    31 |    39 ||    70

Table legend: (Time is in decaauts)
 A = Elapsed time spent in this place.
 B = Non-inter-level travel time spent in this place.
 C = Inter-level travel time spent in this place.
 D = Time resting spent in this place.
 E = Time spent auto-exploring this place.
 F = Levels seen in this place.
 G = Mean time per level.
                   A        B        C        D        E       F      G
               +--------+--------+--------+--------+--------+-----+--------+
         Total |   2660 |   2532 |    128 |    174 |   1726 |   4 |  665.0 |
       Dungeon |   2660 |   2532 |    128 |    174 |   1726 |   4 |  665.0 |
               +--------+--------+--------+--------+--------+-----+--------+

Top non-repeatable levels by time:
     D:2: 1086 daAuts
     D:1: 891 daAuts
     D:3: 624 daAuts
     D:4: 59 daAuts
